 Dungeon Crawl Stone Soup version 0.30-a0-867-g305f33218d (webtiles) character file.

Game seed: 17037547763756919809

9238 BigDaddyOpFi the Eclecticist (level 11, -4/59 HPs)
             Began as a Deep Elf Earth Elementalist on Mar 10, 2023.
             Was a Priest of Vehumet.
             Slain by a komodo dragon (26 damage)
             ... on level 8 of the Dungeon.
             The game lasted 00:28:43 (16077 turns).

BigDaddyOpFi the Eclecticist (DEEE)                Turns: 16077, Time: 00:28:44

Health: -4/59      AC:  8    Str:  7    XL:     11   Next: 20%
Magic:  19/33      EV: 20    Int: 25    God:    Vehumet [***...]
Gold:   741        SH:  0    Dex: 17    Spells: 19/42 levels left

rFire   + . .      SeeInvis .    E - +6 war axe (freeze)
rCold   . . .      Faith    .    n - orb {*channel}
rNeg    . . .      Spirit   .    h - +1 robe of an ice cave {rF+ Int+2 Dex+2}
rPois   .          Reflect  .    s - +0 helmet
rElec   .          Rampage  .    e - scarf {repulsion}
rCorr   .                        P - +1 pair of gloves
Will    +....                    a - +1 pair of boots
Stlth   ++++                     (no amulet)
HPRegen 0.29/turn                c - +5 ring of evasion
MPRegen 0.23/turn                D - +4 ring of slaying

@: repel missiles
A: no striking features
a: Renounce Religion


You were on level 8 of the Dungeon.
You worshipped Vehumet.
Vehumet was most pleased with you.
You visited 3 branches of the dungeon, and saw 11 of its levels.
You also visited: Sewer, Ossuary and Bailey.

You collected 741 gold pieces.

Inventory:

Hand Weapons
 m - a +0 short sword of draining
 v - a +1 dagger of draining
 w - a +2 long sword of electrocution
 C - a +5 dagger of freezing
 E - a +6 war axe of freezing (weapon)
Missiles
 y - 6 throwing nets
Armour
 a - a +1 pair of boots (worn)
 e - a scarf of repulsion (worn)
 h - the +1 robe of an ice cave (worn) {rF+ Int+2 Dex+2}
   (You found it on level 2 of the Dungeon)

   Int:       It affects your intelligence (+2).
   Dex:       It affects your dexterity (+2).
   rF:        It protects you from fire.
 n - an orb of energy (worn)
 s - a +0 helmet (worn)
 P - a +1 pair of gloves (worn)
Magical Staves
 p - a staff of conjuration
 J - a staff of earth
Jewellery
 c - a +5 ring of evasion (left hand)
 d - a ring of see invisible
 g - a ring of positive energy
 x - a +4 ring of protection
 D - a +4 ring of slaying (right hand)
Wands
 o - a wand of iceblast (14)
 A - a wand of mindburst (26)
 K - a wand of flame (28)
Scrolls
 l - 7 scrolls of teleportation
 u - 2 scrolls of fear
 B - 5 scrolls of amnesia
 H - 2 scrolls of blinking
 L - a scroll of immolation
 N - a scroll of fog
 R - a scroll of butterflies
Potions
 b - 3 potions of magic
 f - 6 potions of brilliance
 i - 4 potions of lignification {unknown}
 j - 7 potions of curing
 k - a potion of invisibility
 q - 6 potions of flight
 r - a potion of berserk rage
 z - 2 potions of might {unknown}
 F - 2 potions of degeneration {unknown}
 G - 3 potions of mutation {unknown}
 I - 2 potions of haste {unknown}
 M - 2 potions of attraction {unknown}
 Q - a potion of cancellation {unknown}
Miscellaneous
 t - a box of beasts


   Skills:
 + Level 2.7 Fighting
 + Level 2.9 Long Blades
 + Level 6.1 Dodging
 + Level 6.7 Stealth
 - Level 16.2 Spellcasting
 * Level 6.3 Conjurations
 + Level 1.8 Hexes
 + Level 4.6 Translocations
 + Level 2.7 Transmutations
 + Level 3.7 Fire Magic
 + Level 3.4 Air Magic
 * Level 6.8 Earth Magic


You had 19 spell levels left.
You knew the following spells:

 Your Spells              Type           Power      Damage    Failure   Level
a - Sandblast             Erth           100%       2d20      1%          1
b - Stone Arrow           Conj/Erth      100%       3d13      1%          3
c - Kindle Blastsparks    Fire/Tloc/Air  80%        2d16      1%          3
d - Lee's Rapid Deconstr  Erth           26%        3d14*     1%          5
e - Fulminant Prism       Conj/Hex       20%        3d12      1%          4
f - Iskenderun's Mystic   Conj/Tloc      47%        2d10      1%          4
g - Ignite Poison         Fire/Tmut/Pois 31%        N/A       1%          3

Your spell library contained the following spells:

 Spells                   Type           Power      Damage    Failure   Level
 Sticky Flame             Conj/Fire      45%        2d6       1%          4
 Freeze                   Ice            80%        1d9       1%          1
 Passwall                 Tmut/Erth      36%        N/A       1%          2
 Hailstorm                Conj/Ice       36%        3d9       1%          3
 Summon Small Mammal      Summ           80%        N/A       2%          1
 Frozen Ramparts          Ice            40%        1d7       2%          3
 Passage of Golubria      Tloc           43%        N/A       3%          4
 Petrify                  Tmut/Erth      44%        N/A       3%          4
 Summon Guardian Golem    Hex/Summ       24%        N/A       5%          3
 Call Canine Familiar     Summ           20%        N/A       8%          3
 Ozocubu's Armour         Ice            20%        N/A       8%          3
 Silence                  Hex/Air        16%        N/A       24%         5
 Lehudib's Crystal Spear  Conj/Erth      26%        10d7      94%         8
 Ozocubu's Refrigeration  Ice            10%        4d9       99%         7


Dungeon Overview and Level Annotations

Branches:
Dungeon (9/15)             Temple (1/1) D:6            Lair (1/5) D:8
    Orc (0/2) D:9           Sewer (visited)         Ossuary (visited)
 Bailey (visited)

Altars:
Ashenzari
Cheibriados
Dithmenos
Elyvilon
Fedhas
Gozag
Hepliaklqana
Kikubaaqudgha
Makhleb
Nemelex Xobeh
Okawaru
Qazlal
Ru
Sif Muna
Trog
Uskayaw
Vehumet
Wu Jian
Xom
Yredelemnul
Zin
The Shining One

Shops:
D:4 !   D:9 *

Annotations:
D:6 2 transporters
D:9 3 runed translucent doors, exclusion: obsidian statue, holysushi's ghost, novice OpCK


Message History

Aim: a water moccasin (almost dead, 63% to hit)
The stone arrow hits the water moccasin!
You kill the water moccasin!
Vehumet accepts your kill. The yak completely misses you. The yak gores you!
The komodo dragon bites you!!
You climb upwards.
Welcome back to the Dungeon!
There is a staircase to the Lair here.
Casting: Stone Arrow (safe; 1% risk of failure)
Confirm with . or Enter, or press ? or * to list all spells.
Aiming: Stone Arrow (safe; 1% risk of failure)
Press: ? - help, Shift-Dir - straight line, f - yak
Aim: a yak (87% to hit)
Okay, then.
Casting: Stone Arrow (safe; 1% risk of failure)
Confirm with . or Enter, or press ? or * to list all spells.
Aiming: Stone Arrow (safe; 1% risk of failure)
Press: ? - help, Shift-Dir - straight line, f - komodo dragon
Aim: a komodo dragon (84% to hit)
The stone arrow hits the komodo dragon!
The komodo dragon is moderately wounded.
The komodo dragon completely misses you.
The yak closely misses you.
Casting: Stone Arrow (safe; 1% risk of failure)
Confirm with . or Enter, or press ? or * to list all spells.
Aiming: Stone Arrow (safe; 1% risk of failure)
Press: ? - help, Shift-Dir - straight line, f/p - komodo dragon
Aim: a komodo dragon (moderately wounded, 84% to hit)
The stone arrow hits the komodo dragon!
The komodo dragon is heavily wounded.
The komodo dragon closely misses you. The yak gores you.
Casting: Stone Arrow (safe; 1% risk of failure)
Confirm with . or Enter, or press ? or * to list all spells.
Aiming: Stone Arrow (safe; 1% risk of failure)
Press: ? - help, Shift-Dir - straight line, f/p - komodo dragon
Aim: a komodo dragon (heavily wounded, 84% to hit)
The stone arrow hits the komodo dragon!
The komodo dragon is almost dead.
The komodo dragon bites you!!
You die...

...# #.......##.....#.#. ####
#####..#..#............
###...........#....#.##..
#####......###...........#...
#...#.#.#...≈...#.#......##.#
#......#..#...#..#...........
#...####.##PP.##.############
#...#..#...÷.....#......#...#
#...#.##≈..÷@.P.≈######.#.#.#
###.#.##....lYP..#....#.#.#.#
#.#.##.##...##.####.#...#.#
#.#)##..#...#..## #.#####.#
#.#.#.#...≈...#.###.#......
#.#.#....###........#.###)#
#.#.#...........###.#.# #)#
#.#.#####.#.##### #.#.###.#
#.#.#####.#.# #.#.....#


You could see a komodo dragon and a yak.

Vanquished Creatures
  Erolcha (D:9)
  Maggie (D:7)
  2 wyverns (D:9)
  A shadow (D:9)
  7 yaks
  A basilisk (Lair:1)
  6 water moccasins
  Duvessa (D:7)
  3 orc warriors
  2 ogres
  3 wolves (Bailey)
  3 centaurs
  2 phantoms (D:8)
  2 kobold brigands (D:9)
  A bullfrog (D:7)
  7 gnoll sergeants (Bailey)
  11 scorpions
  9 wights
  2 troll zombies (D:9)
  Dowan (D:7)
  4 killer bees (D:9)
  A vampire bat (D:4)
  5 hounds
  A centaur zombie (Ossuary)
  10 orc priests
  6 gnoll boudas
  2 human zombies (Ossuary)
  4 jellies
  2 sleepcaps
  5 iguanas
  9 orc wizards
  A sickly merfolk siren (Sewer)
  3 scorpion zombies (Ossuary)
  A malarious merfolk avatar (Sewer)
  6 ogre zombies (D:9)
  3 mummies (Ossuary)
  14 gnolls
  13 adders
  A shadow imp (D:6)
  3 white imps
  An ufetubus (D:6)
  A worm (D:4)
  A dart slug (D:1)
  29 orcs
  7 endoplasms
  4 giant cockroaches
  11 goblins
  8 hobgoblins
  12 jackals
  18 kobolds
  2 quokkas
  8 ball pythons
  10 bats
  7 frilled lizards
  3 gnoll zombies (Ossuary)
  A goblin skeleton (D:9)
  8 goblin zombies
  3 hobgoblin skeletons (D:9)
  2 hobgoblin zombies (Ossuary)
  2 kobold zombies (Ossuary)
  4 orc skeletons (D:9)
  14 orc zombies
  27 rats
  A fulminant prism (D:9)
344 creatures vanquished.

Vanquished Creatures (others)
  12 fulminant prisms
  4 fungi (D:8)
  6 plants (D:6)
22 creatures vanquished.

Grand Total: 366 creatures vanquished

Notes
Turn   | Place    | Note
-------+----------+-------------------------------------------
     0 | D:1      | BigDaddyOpFi the Deep Elf Earth Elementalist began the
                  | quest for the Orb.
     0 | D:1      | Reached XP level 1. HP: 10/10 MP: 6/6
   168 | D:1      | Reached XP level 2. HP: 10/15 MP: 4/8
   860 | D:1      | Reached XP level 3. HP: 19/19 MP: 7/9
  1093 | D:2      | Learned a level 3 spell: Stone Arrow
  1183 | D:2      | Identified the +1 robe of an ice cave {rF+ Int+2 Dex+2}
  1903 | D:2      | Reached XP level 4. HP: 24/24 MP: 8/11
  2136 | D:3      | Found a shadowy altar of Dithmenos.
  2144 | D:3      | Found a burning altar of Makhleb.
  2151 | D:3      | Found a snail-covered altar of Cheibriados.
  2158 | D:3      | Found a glowing golden altar of the Shining One.
  2166 | D:3      | Found a broken altar of Ashenzari.
  2174 | D:3      | Found a shimmering altar of Xom.
  2178 | D:3      | Found an ancient bone altar of Kikubaaqudgha.
  2304 | D:3      | Learned a level 3 spell: Kindle Blastsparks
  2366 | D:3      | Found a bloodstained altar of Trog.
  2366 | D:3      | Found a sacrificial altar of Ru.
  2366 | D:3      | Found a hazy altar of Hepliaklqana.
  2451 | D:3      | Reached skill level 1 in Conjurations
  2724 | D:4      | Found Yleilush's Distillery.
  2779 | D:4      | Reached XP level 5. HP: 28/28 MP: 1/12
  2790 | D:4      | Reached skill level 4 in Spellcasting
  2846 | D:4      | Reached skill level 1 in Translocations
  2975 | D:4      | Reached XP level 6. HP: 27/32 MP: 2/14
  3287 | D:4      | Found a glowing drain.
  3298 | Sewer    | Entered a sewer
  4609 | D:5      | Entered Level 5 of the Dungeon
  4612 | D:5      | Reached XP level 7. HP: 36/36 MP: 13/16
  5219 | D:5      | Reached skill level 1 in Fire Magic
  5219 | D:5      | Reached skill level 1 in Air Magic
  5253 | D:5      | Reached skill level 5 in Spellcasting
  5531 | D:5      | Reached skill level 5 in Stealth
  5871 | D:5      | You fall into a shaft and drop 2 floors!
  5894 | D:7      | Reached skill level 16 in Spellcasting
  5894 | D:7      | Reached XP level 8. HP: 42/42 MP: 17/30
  6031 | D:7      | Found a flagged portal.
  6031 | D:7      | Noticed Maggie
  6048 | D:7      | Killed Maggie
  6049 | D:7      | Reached XP level 9. HP: 43/46 MP: 9/31
  6066 | Bailey   | Entered a bailey
  6449 | Bailey   | Reached skill level 1 in Long Blades
  6449 | Bailey   | Reached skill level 5 in Earth Magic
  7168 | Bailey   | Reached skill level 1 in Fighting
  7462 | D:7      | Reached skill level 5 in Dodging
  7646 | D:7      | Noticed Duvessa
  7651 | D:7      | Killed Duvessa
  7654 | D:7      | Noticed Dowan
  7664 | D:7      | Killed Dowan
  8478 | D:6      | Found a staircase to the Ecumenical Temple.
  8541 | D:6      | Learned a level 5 spell: Lee's Rapid Deconstruction
  8569 | D:6      | Reached XP level 10. HP: 52/52 MP: 23/32
  9007 | D:6      | Found a transporter.
  9093 | Temple   | Entered the Ecumenical Temple
  9252 | Temple   | Became a worshipper of Vehumet
  9403 | D:6      | Found a transporter.
  9407 | D:6      | Identified the +1 ring mail of the Fresh God {Dex+5}
  9407 | D:6      | Identified the +3 kite shield of the Fife {Harm rC++ Dex+3
                  | Stlth-}
 10318 | D:8      | Found a staircase to the Lair.
 10377 | D:8      | Reached skill level 5 in Conjurations
 10623 | D:8      | Found a sand-covered staircase.
 10627 | Ossuary  | Entered an ossuary
 11205 | Ossuary  | Reached * piety under Vehumet
 11205 | Ossuary  | Offered knowledge of Foxfire by Vehumet.
 11224 | Ossuary  | Learned a level 4 spell: Fulminant Prism
 12552 | D:9      | Offered knowledge of Static Discharge by Vehumet.
 12553 | D:9      | Reached ** piety under Vehumet
 12566 | D:9      | Found a staircase to the Orcish Mines.
 13312 | D:9      | Found a runed translucent gate.
 13312 | D:9      | Found a runed translucent gate.
 13312 | D:9      | Found a runed translucent gate.
 13313 | D:9      | Found an opulent altar of Gozag.
 13314 | D:9      | Noticed an obsidian statue
 13319 | D:9      | Noticed holysushi's ghost (novice OpCK)
 13331 | D:9      | Found Titsucs's Assorted Antiques.
 13620 | D:9      | Learned a level 4 spell: Iskenderun's Mystic Blast
 13630 | D:9      | Noticed Erolcha
 13634 | D:9      | Killed Erolcha
 14140 | D:9      | Offered knowledge of Ignite Poison by Vehumet.
 14147 | D:9      | Learned a level 3 spell: Ignite Poison
 14170 | D:9      | Reached skill level 1 in Hexes
 14229 | D:9      | Reached *** piety under Vehumet
 14720 | D:9      | Reached XP level 11. HP: 58/58 MP: 27/33
 14727 | D:9      | Offered knowledge of Sticky Flame by Vehumet.
 15392 | Lair:1   | Entered Level 1 of the Lair of Beasts
 15727 | D:8      | HP: 2/59 [water moccasin (2)]
 16077 | D:8      | Slain by a komodo dragon

Illustrated notes

Levels and vault maps discovered:
D:1:      dpeg_arrival_tiny_a, layout_basic
D:2:      layout_basic, hangedman_decor_riveting, skrybe_limestone_x
D:3:      layout_basic, grunt_temple_overflow_octagram,
          gammafunk_temple_overflow_claw
D:4:      layout_layer_cave, cheibrodos_sewer_entry_bend, serial_shops,
          nicolae_shop_hallway_stairs, minmay_misc_feat_square,
          grunt_decor_junction, roderic_batcave
D:5:      layout_basic
D:6:      layout_cave_pools, minmay_temple_entry_crystal_x,
          gammafunk_ghost_gnarly_gnolls, chequers_garden
D:7:      layout_loops_ring, enter_bailey_6, minmay_misc_feat_columns,
          uniq_maggie, uniq_duvessa
D:8:      nicolae_cairo_tiling_large_dashed, layout_basic, dpeg_oklobed_lair,
          nicolae_ossuary_entry_false_entrances
D:9:      layout_roguey, zombieorc2_lemuel, ebering_ghost_gozag,
          minmay_misc_feat_rugged, uniq_erolcha
Temple:   hellmonk_temple_flake
Lair:1:   layout_chaotic_city, beast_lair_carwin_4

Skill      XL: |  1  2  3  4  5  6  7  8  9 10 11 |
---------------+----------------------------------+-----
Stealth        | 3 4 5 6 |  6.7
Dodging        | 3 4 5 6 |  6.1
Transmutations | 2 |  2.7
Conjurations   | 1 2 3 4 6 |  6.3
Earth Magic    | 4 5 6 |  6.8
Spellcasting   | 4 16 | 16.2
Translocations | 1 2 3 4 |  4.6
Fire Magic     | 1 3 |  3.7
Air Magic      | 1 2 3 |  3.4
Long Blades    | 1 2 |  2.9
Fighting       | 1 2 |  2.7
Hexes          | 1 |  1.8

Action                     |  1- 3 |  4- 6 |  7- 9 | 10-12 || total
---------------------------+-------+-------+-------+-------++-------
  Melee: Short sword       |     9 |    46 |       |       ||    55
         Unarmed           |     2 |       |       |       ||     2
         Long sword        |       |       |    18 |       ||    18
         War axe           |       |       |     7 |    75 ||    82
   Cast: Sandblast         |    49 |    89 |    77 |    47 ||   262
         Stone Arrow       |       |    15 |    56 |   109 ||   180
         Kindle Blastspark |       |       |     1 |    14 ||    15
         Lee's Rapid Decon |       |       |     1 |    17 ||    18
         Fulminant Prism   |       |       |       |    14 ||    14
    Use: Scroll            |     1 |     3 |     8 |    10 ||    22
         Potion            |       |       |     6 |     6 ||    12
   Stab: Sleeping          |     2 |     1 |     1 |     1 ||     5
 Armour: Robe              |     2 |    12 |    18 |    54 ||    86
  Dodge: Dodged            |    32 |    86 |   158 |   271 ||   547
         Repelled          |       |     1 |       |     1 ||     2

Table legend: (Time is in decaauts)
 A = Elapsed time spent in this place.
 B = Non-inter-level travel time spent in this place.
 C = Inter-level travel time spent in this place.
 D = Time resting spent in this place.
 E = Time spent auto-exploring this place.
 F = Levels seen in this place.
 G = Mean time per level.
                   A        B        C        D        E       F      G
               +--------+--------+--------+--------+--------+-----+--------+
         Total |  16333 |  15517 |    816 |   5185 |   7017 |  14 | 1166.6 |
       Dungeon |  12809 |  12005 |    804 |   3389 |   6250 |   9 | 1423.2 |
        Temple |    170 |    159 |     11 |      0 |    127 |   1 |  170.0 |
          Lair |     28 |     28 |      0 |      3 |      0 |   1 |   28.0 |
         Sewer |    760 |    760 |      0 |     19 |    535 |   1 |  760.0 |
       Ossuary |   1159 |   1159 |      0 |    751 |      0 |   1 | 1159.0 |
        Bailey |   1404 |   1404 |      0 |   1023 |    105 |   1 | 1404.0 |
               +--------+--------+--------+--------+--------+-----+--------+

Top non-repeatable levels by time:
     D:8: 2482 daAuts
     D:9: 2167 daAuts
     D:5: 1891 daAuts
  Bailey: 1404 daAuts
     D:4: 1276 daAuts
     D:7: 1209 daAuts
 Ossuary: 1159 daAuts
     D:1: 1104 daAuts
     D:6: 1024 daAuts
     D:2: 961 daAuts
   Sewer: 760 daAuts
     D:3: 692 daAuts
  Temple: 170 daAuts
  Lair:1: 28 daAuts
